 Dungeon Crawl Stone Soup version 0.19.1-1-g22dce08 (webtiles) character file.

541 Alarkh the Cleaver (level 7, 0/57 HPs)
             Began as a Green Draconian Monk on Jan 4, 2017.
             Slain by an adder (2 damage)
             ... on level 7 of the Dungeon.
             The game lasted 00:03:59 (2344 turns).

Alarkh the Cleaver (Green Draconian Monk)           Turns: 2344, Time: 00:03:59

Health: 0/57       AC:  6    Str: 14    XL:     7   Next: 5%
Magic:  0/7        EV: 13    Int: 12    God:
Gold:   21         SH:  0    Dex: 13    Spells: 0 memorised, 6 levels left

rFire  . . .     SeeInvis .     a - +0 hand axe
rCold  . . .     Gourm    .     (armour unavailable)
rNeg   . . .     Faith    .     (no shield)
rPois  +         Spirit   +     (helmet restricted)
rElec  .         Reflect  .     (no cloak)
rCorr  .         Harm     .     (no gloves)
MR     .....                    (no boots)
Stlth  ++........               e - amulet of guardian spirit
                                (no ring)
                                (no ring)

@: lethally poisoned (0 -> -2)
A: breathe noxious fumes, unfitting armour, poison resistance, cold-blooded, AC
+6
a: Breathe Noxious Fumes


You were on level 7 of the Dungeon.
You were hungry.

You visited 1 branch of the dungeon, and saw 7 of its levels.

You collected 45 gold pieces.
You spent 24 gold pieces at shops.

Inventory:

Hand Weapons
 a - a +0 hand axe (weapon)
Jewellery
 e - an amulet of guardian spirit (around neck)
Wands
 m - a wand of lightning (0/15)
Scrolls
 d - a scroll of immolation {unknown}
 f - a scroll of fog {unknown}
 g - a scroll of fear {unknown}
 i - a scroll of enchant armour {unknown}
 k - a scroll of magic mapping {unknown}
 l - a scroll of random uselessness {unknown}
Comestibles
 b - 2 bread rations
 h - a royal jelly
 j - a slice of pizza


   Skills:
 - Level 3.2 Fighting
 + Level 8.1 Axes
 - Level 2.6 Dodging
 - Level 1.7 Stealth


You had 6 spell levels left.
You didn't know any spells.

Dungeon Overview and Level Annotations

Branches:
Dungeon (7/15)
 Temple: D:4-7

Altars:
Qazlal

Shops:
D:6 ?


Innate Abilities, Weirdness & Mutations

You can breathe blasts of noxious fumes.
Your lurid green scales are hard. (AC +6)
You cannot fit into any form of body armour.
Your system is resistant to poisons. (rPois)
You are cold-blooded and may be slowed by cold attacks.


Message History

The adder bites you but does no damage.
The bullfrog hits you but does no damage.
The bullfrog misses you.
You miss the adder.
You tail-slap the adder, but do no damage.
The adder is heavily wounded.
You closely miss the bullfrog. x2; The adder bites you but does no damage.
The bullfrog barely misses you. x2
Unknown command.
You miss the adder.
The adder is heavily wounded.
You hit the bullfrog. You miss the bullfrog. The adder barely misses you.
The bullfrog closely misses you. x2; The adder misses you.
The bullfrog barely misses you.
You hit the adder.
The adder is heavily wounded.
You closely miss the bullfrog. You hit the bullfrog. The bullfrog hits you!
* * * LOW HITPOINT WARNING * * *
The bullfrog closely misses you. The adder bites you.
You die...

##+##
##...##
##.....##
##......(##
#.........#
+.........+
#...FS....#
#..F@...#
##.....##
##...##
##'## #.#
#.# ##.##
#.?<#
#.....#


You could see 2 bullfrogs and an adder.

Vanquished Creatures
  A hippogriff (D:7)
  A big kobold (D:6)
  A bullfrog (D:7)
  A howler monkey (D:5)
  A crimson imp (D:6)
  A bullfrog skeleton (D:6)
  3 worker ants
  A hound skeleton (D:7)
  2 adders
  A worm (D:2)
  3 leopard geckos (D:5)
  An orc (D:4)
  2 giant cockroaches (D:4)
  A goblin (D:2)
  A hobgoblin (D:1)
  5 jackals (D:1)
  2 frilled lizards
  2 kobolds
  A quokka zombie (D:5)
  2 rats (D:1)
33 creatures vanquished.

Notes
Turn   | Place    | Note
-------+----------+-------------------------------------------
     0 | D:1      | Alarkh the Draconian Monk began the quest for the Orb.
     0 | D:1      | Reached XP level 1. HP: 19/19 MP: 1/1
   140 | D:1      | Reached XP level 2. HP: 18/26 MP: 2/2
   399 | D:2      | Reached skill level 4 in Axes
   779 | D:3      | Reached XP level 3. HP: 24/31 MP: 3/3
  1047 | D:4      | Found a stormy altar of Qazlal.
  1048 | D:4      | Noticed an earth elemental
  1050 | D:4      | Noticed a fire elemental
  1073 | D:5      | Entered Level 5 of the Dungeon
  1097 | D:6      | Found Kalyo's Magic Scroll Boutique.
  1100 | D:6      | Bought a scroll of identify for 24 gold pieces
  1130 | D:6      | Reached skill level 5 in Axes
  1130 | D:6      | Reached XP level 4. HP: 29/38 MP: 1/4
  1401 | D:7      | Noticed a bullfrog
  1412 | D:7      | Killed a bullfrog
  1412 | D:7      | Reached skill level 6 in Axes
  1412 | D:7      | Reached XP level 5. HP: 13/45 MP: 0/5
  1601 | D:7      | Noticed a hippogriff
  1800 | D:7      | Noticed a centaur
  1817 | D:7      | Killed a hippogriff
  1817 | D:7      | Reached skill level 7 in Axes
  1817 | D:7      | Reached XP level 6. HP: 7/51 MP: 2/6
  2203 | D:5      | Noticed a hungry ghost
  2236 | D:5      | Reached skill level 8 in Axes
  2307 | D:6      | Your scales start taking on a lurid green colour.
  2307 | D:6      | Reached XP level 7. HP: 27/57 MP: 7/7
  2307 | D:6      | Gained mutation: Your system is resistant to poisons. (rPois) [Green Draconian growth]
  2344 | D:7      | HP: 2/57 [bullfrog (6)]
  2344 | D:7      | Slain by an adder

Skill      XL: |  1  2  3  4  5  6 |
---------------+-------------------+-----
Axes           | 4 5 6 7 8 |  8.1
Fighting       | |  3.2
Dodging        | |  2.6
Stealth        | |  1.7

Action                   |  1- 3 |  4- 6 |  7- 9 || total
-------------------------+-------+-------+-------++-------
Melee: Hand axe          |    94 |   125 |    12 ||   231
       Tailslap          |     9 |    15 |     1 ||    25
Evoke: Wand              |       |     5 |       ||     5
  Use: Scroll            |     1 |     1 |       ||     2
       Potion            |       |     4 |       ||     4
 Stab: Sleeping          |     2 |     1 |       ||     3
  Eat: Chunk             |     1 |       |       ||     1
       Meat ration       |       |     1 |       ||     1
Armor: Skin              |    23 |    36 |    11 ||    70
Dodge: Dodged            |    70 |    99 |    23 ||   192
